 Dungeon Crawl Stone Soup version 0.27.1-33-g824d729ab1 (webtiles) character file.

Game seed: 1925627137143052098

72 pkoi the Insei (level 4, -3/38 HPs)
             Began as a Draconian Monk on Dec 13, 2021.
             Shot with a bolt by a kobold brigand (4 damage)
             ... on level 4 of the Dungeon.
             The game lasted 00:01:56 (2567 turns).

pkoi the Insei (Draconian Monk)                     Turns: 2567, Time: 00:01:56

Health: -3/38      AC:  5    Str: 13    XL:     4   Next: 6%
Magic:  4/4        EV: 12    Int: 11    God:
Gold:   73         SH:  0    Dex: 14    Spells: 0/3 levels left

rFire    . . .     SeeInvis .     - Unarmed
rCold    . . .     Faith    .   (no shield)
rNeg     . . .     Spirit   .   (armour unavailable)
rPois    .         Reflect  .   (helmet restricted)
rElec    .         Harm     .   (no cloak)
rCorr    .         Rampage  .   (no gloves)
Will     .....                  (no boots)
Stlth    ++........             (no amulet)
HPRegen  0.12/turn              (no ring)
MPRegen  0.09/turn              (no ring)

@: no status effects
A: AC +5, unfitting armour, cold-blooded
a: no special abilities


You were on level 4 of the Dungeon.
You visited 1 branch of the dungeon, and saw 4 of its levels.

You collected 73 gold pieces.

Inventory:

Missiles
 a - 9 poisoned darts (quivered)
Scrolls
 b - a scroll of immolation {unknown}
 c - 3 scrolls of identify {unknown}
 d - a scroll of magic mapping {unknown}
 e - a scroll of fog {unknown}
 f - a scroll of enchant armour {unknown}


   Skills:
 - Level 3.2 Fighting
 - Level 2.6 Dodging
 - Level 1.7 Stealth
 + Level 5.0 Unarmed Combat


You couldn't memorise any spells.
You knew the following spells:

 Your Spells              Type           Power      Damage    Failure   Level
a - Spider Form           Tmut/Pois      0%         N/A       71%         3

Your spell library contained the following spells:

 Spells                   Type           Power      Damage    Failure   Level
 Magic Dart               Conj           0%         1d3       34%         1
 Call Imp                 Summ           0%         N/A       47%         2
 Ensorcelled Hibernation  Hex/Ice        0%         N/A       47%         2
 Mephitic Cloud           Conj/Pois/Air  0%         N/A       71%         3
 Shadow Creatures         Summ           N/A        N/A       100%        6


Dungeon Overview and Level Annotations

Branches:
Dungeon (4/15)
 Temple: D:4-7

Altars:


Innate Abilities, Weirdness & Mutations

Your plain brown scales are hard. (AC +5)
You cannot fit into any form of body armour.
You are cold-blooded and may be slowed by cold attacks.


Message History

The orc misses you.
You hit the orc wizard.
The orc wizard is moderately wounded.
The orc wizard hits you but does no damage.
The orc closely misses you.
Unknown command.
You barely miss the orc wizard.
You tail-slap the orc wizard, but do no damage.
The orc wizard is moderately wounded.
The orc wizard hits you with a +0 dagger.
* * * LOW HITPOINT WARNING * * *
The orc hits you with a +0 flail.
* * * LOW HITPOINT WARNING * * *
The orc wizard hits you but does no damage.
You see here a rat corpse.
There is a stone staircase leading down here.
The orc wizard casts a spell.
The orc wizard flickers and vanishes!
Deactivating autopickup; reactivate with Ctrl-A.
You climb downwards.
Reactivating autopickup.
There is a stone staircase leading up here.
A kobold brigand is nearby!
Found a stone staircase leading down.
The kobold brigand shouts!
An ogre comes into view. It is wielding a +0 giant club.
Found 11 gold pieces.
The kobold brigand unwields a +1 dagger of venom.
It stops dripping with poison.
The kobold brigand wields a +0 hand crossbow.
The kobold brigand shoots a bolt.
The bolt hits you!
* * * LOW HITPOINT WARNING * * *
An endoplasm comes into view.
Found a glowing leather armour.
Found a stone staircase leading down.
The endoplasm quivers.
The ogre shouts!
You hear a shout!
The endoplasm hits you.
* * * LOW HITPOINT WARNING * * *
The kobold brigand shoots a bolt.
The bolt hits you.
You die...

### #... #... #....
. ##....### ...
........# .... #@#
##...######.###.##
.......O...J.......
##...##.......#.#..
...............>#
#....#.####[.#.#
#....#K# #.#.#
#$.....# ....#.
###.#..####......


You could see a kobold brigand and an endoplasm.

Vanquished Creatures
  An adder (D:2)
  A dart slug (D:2)
  4 bats
  5 endoplasms
  2 giant cockroaches
  7 goblins
  6 hobgoblins
  10 jackals
  3 ball pythons
  2 frilled lizards
  6 kobolds
  5 rats
52 creatures vanquished.

Notes
Turn   | Place    | Note
-------+----------+-------------------------------------------
     0 | D:1      | pkoi the Draconian Monk began the quest for the Orb.
     0 | D:1      | Reached XP level 1. HP: 19/19 MP: 1/1
    65 | D:1      | Found a faded altar of an unknown god.
   385 | D:1      | Reached XP level 2. HP: 26/26 MP: 2/2
   741 | D:1      | Reached skill level 4 in Unarmed Combat
   972 | D:1      | Reached XP level 3. HP: 27/31 MP: 3/3
  2126 | D:2      | Reached XP level 4. HP: 32/38 MP: 4/4
  2130 | D:2      | Learned a level 3 spell: Spider Form
  2395 | D:2      | Reached skill level 5 in Unarmed Combat
  2555 | D:4      | Noticed a kobold brigand
  2558 | D:4      | Noticed an ogre
  2565 | D:4      | HP: 1/38 [endoplasm (3)]
  2567 | D:4      | Shot with a bolt by a kobold brigand

Illustrated notes

Levels and vault maps discovered:
D:1:      dpeg_arrival_signposts, layout_loops_ring, serial_rivers,
          chequers_serial_rivers_micro_d, chequers_serial_rivers_marsh,
          chequers_serial_rivers_micro_d, chequers_serial_rivers_small_3,
          ebering_ecumenical_altar_hall
D:2:      layout_loops_corners, grunt_decor_junction, kennysheep_generic_room_2
D:3:      layout_basic
D:4:      layout_basic, tso_metal_star, uniq_natasha, uniq_sigmund

Skill      XL: |  1  2  3  4 |
---------------+-------------+-----
Unarmed Combat | 4 5 |  5.0
Fighting       | |  3.2
Dodging        | |  2.6
Stealth        | |  1.7

Action                   |  1- 3 |  4- 6 || total
-------------------------+-------+-------++-------
Melee: Unarmed           |   158 |    27 ||   185
       Tailslap          |    22 |     2 ||    24
       Punch             |     2 |       ||     2
 Stab: Sleeping          |     5 |     2 ||     7
Armor: Skin              |    50 |     6 ||    56
Dodge: Dodged            |   101 |    13 ||   114
